 Dungeon Crawl Stone Soup version 0.18.0-2-g198d6d4 (webtiles) character file.

5848 dvd the Zephyrmancer (level 10, -1/62 HPs)
             Began as a High Elf Air Elementalist on May 5, 2016.
             Was a Priest of Vehumet.
             Slain by a freezing wraith (6 damage)
             ... on level 9 of the Dungeon.
             The game lasted 00:31:24 (10929 turns).

dvd the Zephyrmancer (High Elf Air Elementalist)   Turns: 10929, Time: 00:31:25

Health: -1/62      AC:  9    Str: 13 (15) XL:     10   Next: 51%
Magic:  14/24      EV:  9    Int: 19 (23) God:    Vehumet [***...]
Gold:   470        SH:  0    Dex: 13 (16) Spells: 4 memorised, 16 levels left

rFire  . . .     SeeInvis .     J - +3 dagger (venom)
rCold  . . .     Gourm    .     E - +3 leather armour {rPois}
rNeg   . . .     Faith    .     (no shield)
rPois  +         Spirit   .     m - +1 helmet
rElec  .         Dismiss  .     (no cloak)
rCorr  .         Reflect  .     (no gloves)
SustAt .         Harm     +     y - +0 pair of boots
MR     +....                    F - amulet of harm
Stlth  +++.......               q - +4 ring of strength
                                d - +2 ring of strength

@: repel missiles, somewhat resistant to hostile enchantments, fairly stealthy
A: deterioration 1, mutation resistance 1, strong 1
a: Renounce Religion


You were on level 9 of the Dungeon.
You worshipped Vehumet.
Vehumet was most pleased with you.
You were hungry.

You visited 2 branches of the dungeon, and saw 10 of its levels.

You collected 470 gold pieces.

Inventory:

Hand Weapons
 a - a +0 rapier
 J - a +3 dagger of venom (weapon)
 K - a +1 short sword of venom
Armour
 m - a +1 helmet (worn)
 y - a +0 pair of boots (worn)
 E - a +3 leather armour of poison resistance (worn)
Jewellery
 d - a +2 ring of strength (left hand)
 q - a +4 ring of strength (right hand)
 F - an amulet of harm (around neck)
Wands
 u - a wand of disintegration (11/24)
 z - a wand of disintegration (22/24)
 C - a wand of paralysis (10/24)
Scrolls
 g - 2 scrolls of enchant armour
 h - a scroll of blinking
 i - 10 scrolls of identify
 n - 3 scrolls of remove curse
 o - a scroll of enchant weapon
 s - a scroll of amnesia
 x - a scroll of magic mapping
Potions
 e - a potion of might {unknown}
 j - a potion of resistance {unknown}
 k - a potion of curing
 t - 2 potions of haste
 w - a potion of flight
 G - a potion of invisibility
Books
 b - a book of Air

   Spells                             Type                      Level
   a - Shock                          Conjuration/Air              1
   b - Swiftness                      Charms/Air                   2
   c - Repel Missiles                 Charms/Air                   2
   d - Static Discharge               Conjuration/Air              3
   e - Lightning Bolt                 Conjuration/Air              5
Comestibles
 c - 8 bread rations
 f - 12 fruits
 v - 4 royal jellies
 B - 7 meat rations
 I - 2 beef jerkies
 L - 7 slices of pizza


   Skills:
 + Level 2.8 Fighting
 + Level 3.2 Short Blades
 + Level 3.0 Armour
 + Level 6.2 Dodging
 + Level 5.7 Stealth
 + Level 9.1 Spellcasting
 + Level 7.5 Conjurations
 + Level 10.1 Air Magic


You had 16 spell levels left.
You knew the following spells:

 Your Spells              Type           Power        Failure   Level  Hunger
b - Repel Missiles        Chrm/Air       ####..       1%          2    None
c - Static Discharge      Conj/Air       #####...     1%          3    None
d - Lightning Bolt        Conj/Air       #####.....   2%          5    #####..
e - Magic Dart            Conj           ####         1%          1    None


Dungeon Overview and Level Annotations

Branches:
Dungeon (9/15)             Temple (1/1) D:5
   Lair: D:8-11         Orc: D:9-12

Altars:
Ashenzari
Cheibriados
Dithmenos
Elyvilon
Fedhas
Gozag
Kikubaaqudgha
Makhleb
Nemelex Xobeh
Okawaru
Pakellas
Qazlal
Ru
Sif Muna
Trog
Vehumet
Xom
Yredelemnul
Zin
The Shining One

Shops:
D:8 :


Innate Abilities, Weirdness & Mutations

Your body sometimes deteriorates upon taking damage.
You are somewhat resistant to further mutation.
Your muscles are strong. (Str +2)


Message History

The orc warrior throws a stone.
The stone hits you!
Your body deteriorates!
You feel clumsy.
The freezing wraith completely misses you.
The freezing wraith closely misses you.
Casting: Lightning Bolt
Confirm with . or Enter, or press ? or * to list all spells.
Aiming: Lightning Bolt
Press: ? - help, Shift-Dir - straight line, f/p - freezing wraith
Aim: a freezing wraith You hear a mighty clap of thunder!
The bolt of lightning misses the freezing wraith.
You are feeling hungry.
You hear an angry growl.
The orc warrior throws a stone.
The stone misses you. The freezing wraith hits you!
The freezing wraith freezes you!
* * * LOW HITPOINT WARNING * * *
The freezing wraith hits you but does no damage.
The orc warrior throws a stone.
The stone closely misses you. The freezing wraith hits you.
You die...

##### #...# #(..# #.# #.(.#
#.# #W..# #.# #.@.# #.# #...#
#.# #...# #.# #...# ########.#
#..o###############
.........###..................
........u..................)..
#######o######################
#(#


You could see a freezing wraith and an orc warrior.

Vanquished Creatures
  Pikel (D:8)
  Joseph (D:8)
  A kobold demonologist (D:9)
  Prince Ribbit (D:5)
  Sigmund (D:5)
  A wraith (D:8)
  Eustachio (D:5)
  A wyvern (D:8)
  A human (D:7)
  A hippogriff (D:8)
  A water moccasin (D:8)
  3 orc warriors
  A sky beast (D:8)
  2 ice beasts
  A wasp (D:8)
  4 phantoms
  A black bear (D:8)
  An ogre (D:4)
  A necrophage (D:7)
  4 centaurs
  The ghost of ThereIsNoGod the Sneak, an amateur OpAs (D:3)
  An elf zombie (D:8)
  Blork the orc (D:4)
  3 big kobolds
  2 giant frogs
  A gnoll sergeant (D:6)
  A wyvern skeleton (D:9)
  A killer bee (D:9)
  A wight (D:8)
  2 howler monkeys
  A crimson imp (D:7)
  2 centaur zombies
  5 orc priests
  3 jellies
  4 human zombies (D:8)
  A giant frog skeleton (D:5)
  4 hounds
  6 orc wizards
  3 worker ants (D:8)
  A killer bee zombie (D:8)
  4 sheep (D:7)
  A hound skeleton (D:7)
  4 mummies (D:8)
  A worker ant zombie (D:8)
  9 adders
  7 gnolls
  2 shadow imps (D:7)
  An ooze (D:2)
  3 adder skeletons
  3 worms (D:3)
  A dart slug (D:2)
  4 giant geckos
  24 orcs
  A ball python (D:2)
  4 giant cockroaches
  9 hobgoblins
  3 jackals (D:2)
  6 bats
  A giant cockroach zombie (D:6)
  A giant gecko zombie (D:6)
  6 giant newts
  5 goblins
  7 kobolds
  An orc zombie (D:8)
  A quokka skeleton (D:4)
  9 rats
191 creatures vanquished.

Vanquished Creatures (others)
  A slave (D:8)
  An ogre (D:8)
  A giant frog (D:8)
  A hound (D:8)
  A worker ant (D:8)
  An adder (D:8)
  A shadow imp (D:8)
7 creatures vanquished.

Grand Total: 198 creatures vanquished

Notes
Turn   | Place    | Note
--------------------------------------------------------------
     0 | D:1      | dvd the High Elf Air Elementalist began the quest for the Orb.
     0 | D:1      | Reached XP level 1. HP: 11/11 MP: 4/4
   881 | D:1      | Reached skill level 4 in Air Magic
   918 | D:1      | Reached XP level 2. HP: 17/17 MP: 4/6
  1170 | D:2      | Learned a level 2 spell: Repel Missiles
  1435 | D:2      | Reached XP level 3. HP: 19/21 MP: 6/8
  1476 | D:2      | Learned a level 3 spell: Static Discharge
  1947 | D:2      | Reached XP level 4. HP: 26/27 MP: 2/9
  2506 | D:3      | Noticed ThereIsNoGod's ghost (amateur OpAs)
  2521 | D:3      | Noticed an ice beast
  2522 | D:3      | Killed ThereIsNoGod's ghost
  2522 | D:3      | Reached skill level 5 in Air Magic
  2522 | D:3      | Reached XP level 5. HP: 32/32 MP: 5/11
  3061 | D:3      | Found a radiant altar of Vehumet.
  3070 | D:3      | Became a worshipper of Vehumet
  3808 | D:4      | Noticed an ogre
  3818 | D:4      | Killed an ogre
  3818 | D:4      | Reached XP level 6. HP: 36/37 MP: 1/13
  4022 | D:4      | Killed an ice beast
  4022 | D:4      | Reached skill level 1 in Fighting
  4022 | D:4      | Reached skill level 6 in Air Magic
  4231 | D:4      | Learned a level 5 spell: Lightning Bolt
  4332 | D:4      | Noticed Blork the orc
  4336 | D:4      | Killed Blork the orc
  4336 | D:4      | Reached skill level 5 in Spellcasting
  4336 | D:4      | Reached XP level 7. HP: 43/43 MP: 10/15
  4604 | D:5      | Entered Level 5 of the Dungeon
  4620 | D:5      | Reached * piety under Vehumet
  4620 | D:5      | Offered knowledge of Sting by Vehumet.
  4630 | D:5      | Noticed Eustachio
  4883 | D:5      | Found a shadowy altar of Dithmenos.
  4884 | D:5      | Noticed Prince Ribbit
  4900 | D:5      | Killed Prince Ribbit
  4900 | D:5      | Reached skill level 7 in Air Magic
  4901 | D:5      | Reached XP level 8. HP: 32/48 MP: 4/18
  5065 | D:5      | Noticed Sigmund
  5074 | D:5      | Killed Sigmund
  5163 | D:5      | Paralysed by Eustachio for 6 turns
  5177 | D:5      | Killed Eustachio
  5455 | D:5      | Found a staircase to the Ecumenical Temple.
  5466 | Temple   | Entered the Ecumenical Temple
  5646 | D:5      | Reached skill level 5 in Conjurations
  6166 | D:6      | Found an iron altar of Okawaru.
  6181 | D:6      | Reached skill level 1 in Short Blades
  6406 | D:6      | Reached skill level 8 in Air Magic
  6492 | D:6      | Found an ancient bone altar of Kikubaaqudgha.
  7061 | D:7      | Reached XP level 9. HP: 54/54 MP: 12/20
  7079 | D:7      | Reached skill level 1 in Armour
  7224 | D:7      | Found a snail-covered altar of Cheibriados.
  7233 | D:7      | Reached ** piety under Vehumet
  7233 | D:7      | Offered knowledge of Magic Dart by Vehumet.
  7687 | D:7      | Found a shadowy altar of Dithmenos.
  7688 | D:7      | Found a shattered altar of Ashenzari.
  7854 | D:7      | Found an opulent altar of Gozag.
  8057 | D:7      | Reached skill level 9 in Air Magic
  8274 | D:7      | Learned a level 1 spell: Magic Dart
  8431 | D:8      | Noticed Pikel
  8433 | D:8      | Killed Pikel
  8433 | D:8      | Reached skill level 5 in Dodging
  8494 | D:8      | Noticed Joseph
  8508 | D:8      | HP: 2/54 [Joseph/sling bullet (18)]
  8884 | D:8      | Reached XP level 10. HP: 60/60 MP: 19/23
  9074 | D:8      | Found Omiel's Book Shoppe.
  9092 | D:8      | Killed Joseph
  9167 | D:8      | Found a sacrificial altar of Ru.
  9454 | D:8      | Reached skill level 5 in Stealth
  9459 | D:8      | Found a basalt altar of Yredelemnul.
  9746 | D:8      | Gained mutation: Your muscles are strong. (Str +2) [potion of mutation]
  9746 | D:8      | Gained mutation: Your body sometimes deteriorates upon taking damage. [potion of mutation]
  9746 | D:8      | Gained mutation: You are somewhat resistant to further mutation. [potion of mutation]
 10122 | D:9      | Offered knowledge of Searing Ray by Vehumet.
 10147 | D:9      | Reached skill level 10 in Air Magic
 10212 | D:9      | Reached *** piety under Vehumet
 10435 | D:9      | Noticed a cyan ugly thing
 10929 | D:9      | Slain by a freezing wraith

Skill      XL: |  1  2  3  4  5  6  7  8  9 10 |
---------------+-------------------------------+-----
Air Magic      | 4 5 6 7 8 9 10 | 10.1
Spellcasting   | 3 4 5 6 7 8 9 |  9.1
Conjurations   | 2 3 4 5 6 7 |  7.5
Dodging        | 3 4 5 6 |  6.2
Stealth        | 3 4 5 |  5.7
Fighting       | 1 2 |  2.8
Short Blades   | 1 2 3 |  3.2
Armour         | 2 3 |  3.0

Action                   |  1- 3 |  4- 6 |  7- 9 | 10-12 || total
-------------------------+-------+-------+-------+-------++-------
Melee: Short sword       |    30 |    23 |     9 |       ||    62
       Rapier            |       |       |    37 |       ||    37
       Dagger            |       |       |    39 |    76 ||   115
 Cast: Shock             |    73 |    99 |   124 |     1 ||   297
       Repel Missiles    |     1 |       |     1 |       ||     2
       Static Discharge  |       |     6 |    27 |    22 ||    55
       Lightning Bolt    |       |       |    15 |    21 ||    36
       Magic Dart        |       |       |       |     5 ||     5
  Use: Potion            |       |       |     3 |     6 ||     9
       Scroll            |       |       |     2 |     9 ||    11
 Stab: Sleeping          |     2 |       |     5 |     8 ||    15
       Distracted        |       |       |       |     1 ||     1
  Eat: Chunk             |     3 |     8 |    16 |    10 ||    37
       Beef jerky        |       |       |     2 |       ||     2
Armor: Robe              |    12 |     4 |     6 |       ||    22
       Leather armour    |       |       |    23 |    23 ||    46
Dodge: Dodged            |    28 |    21 |    88 |    57 ||   194
       Deflected         |       |     1 |     5 |     2 ||     8
